 Dungeon Crawl Stone Soup version 0.29.1-2-gbd0b4ee654 (webtiles) character file.

Game seed: 15316353728884066140

88314 raph the Geomancer (level 15, -3/123 HPs)
             Began as a White Draconian Earth Elementalist on Nov 27, 2022.
             Was a High Priest of Vehumet.
             Slain by Agnes
             ... wielding a +3 vampiric lajatang
              (24 damage)
             ... on level 15 of the Dungeon.
             The game lasted 01:09:47 (39890 turns).

raph the Geomancer (DrEE)                          Turns: 39890, Time: 01:09:48

Health: -3/123     AC: 20    Str: 12    XL:     15   Next: 46%
Magic:  7/30       EV: 14    Int: 28    God:    Vehumet [*****.]
Gold:   1428       SH:  4    Dex: 11    Spells: 1/36 levels left

rFire   . . .      SeeInvis .   a - staff of earth
rCold   + . .      Faith    .   Y - +0 buckler
rNeg    . . .      Spirit   .   (body armour unavailable)
rPois   .          Reflect  .   J - +2 hat
rElec   .          Harm     .   q - +2 cloak
rCorr   .          Rampage  .   I - +2 pair of gloves
Will    +....                   N - +2 pair of boots
Stlth   ++........              L - amulet of regeneration
HPRegen 1.10/turn               m - ring of wizardry
MPRegen 0.22/turn               R - +6 ring of intelligence

@: hasted, very quick
A: breathe frost, AC +9, unfitting armour, cold resistance 1, cold-blooded
a: Breathe Frost, Renounce Religion


You were on level 15 of the Dungeon.
You worshipped Vehumet.
Vehumet was extremely pleased with you.
You visited 4 branches of the dungeon, and saw 23 of its levels.
You also visited: Sewer and Ice Cave.

You collected 2608 gold pieces.
You spent 1180 gold pieces at shops.

Inventory:

Hand Weapons
 g - a +0 dagger
 C - a +1 rapier
 G - a +3 vorpal quarterstaff
Missiles
 l - 23 poisoned darts
 A - 3 boomerangs of dispersal
 F - 3 curare-tipped darts
 Q - 2 throwing nets
Armour
 q - a +2 cloak (worn)
 E - a +1 pair of boots of rampaging
 I - a +2 pair of gloves (worn)
 J - a +2 hat (worn)
 N - a +2 pair of boots (worn)
 Y - a +0 buckler (worn)
Magical Staves
 a - a staff of earth (weapon)
 b - a staff of cold
Jewellery
 e - a ring of flight
 m - a ring of wizardry (left hand)
 s - a ring of see invisible
 u - a ring of protection from fire
 L - an amulet of regeneration (around neck)
 P - a ring of ice
 R - a +6 ring of intelligence (right hand)
 S - a ring of poison resistance
Wands
 p - a wand of mindburst (11)
 t - a wand of roots (2)
 w - a wand of digging (5)
 x - a wand of paralysis (8)
 y - a wand of polymorph (15)
 K - a wand of flame (46)
Scrolls
 d - 4 scrolls of enchant weapon
 r - a scroll of magic mapping
 z - 2 scrolls of teleportation
 B - 2 scrolls of torment
 D - 2 scrolls of blinking
 H - 10 scrolls of identify
 M - a scroll of butterflies
 T - a scroll of brand weapon
 V - 2 scrolls of enchant armour
 W - 2 scrolls of amnesia
 Z - 2 scrolls of fear
Potions
 c - 5 potions of lignification
 f - 6 potions of might
 h - 2 potions of cancellation
 i - 4 potions of attraction
 j - 5 potions of flight
 k - 10 potions of curing
 n - 2 potions of berserk rage {unknown}
 o - 4 potions of mutation
 v - 2 potions of resistance
 O - 2 potions of invisibility
 U - a potion of haste
 X - 3 potions of brilliance


   Skills:
 + Level 8.9 Fighting
 + Level 6.9 Staves
 + Level 7.7 Dodging
 - Level 1.7 Stealth
 * Level 2.5 Shields
 + Level 11.2 Spellcasting
 + Level 13.4 Conjurations
 - Level 1.6 Summonings
 - Level 1.5 Translocations
 - Level 1.0 Transmutations
 - Level 9.6 Ice Magic
 * Level 13.9 Earth Magic
 + Level 6.8 Evocations


You had one spell level left.
You knew the following spells:

 Your Spells              Type           Power      Damage    Failure   Level
a - Sandblast             Erth           100%       2d20      0%          1
b - Passwall              Tmut/Erth      60%        N/A       1%          2
c - Stone Arrow           Conj/Erth      100%       3d13      1%          3
d - Iron Shot             Conj/Erth      47%        9d9       1%          6
e - Iskenderun's Battles  Conj           74%        2d12      1%          5
f - Lightning Bolt        Conj/Air       26%        1d42      1%          5
g - Frozen Ramparts       Ice            100%       1d16      1%          3
h - Dazzling Flash        Conj/Hex       100%       N/A       1%          3
i - Ozocubu's Refrigerat  Ice            31%        4d14      9%          7

Your spell library contained the following spells:

 Spells                   Type           Power      Damage    Failure   Level
 Beastly Appendage        Tmut           42%        N/A       1%          1
 Freeze                   Ice            100%       1d11      1%          1
 Blink                    Tloc           48%        N/A       1%          2
 Wereblood                Tmut           21%        N/A       1%          2
 Hailstorm                Conj/Ice       69%        3d14      1%          4
 Petrify                  Tmut/Erth      72%        N/A       1%          4
 Summon Ice Beast         Ice/Summ       47%        N/A       1%          4
 Fireball                 Conj/Fire      26%        3d12      1%          5
 Orb of Destruction       Conj           37%        9d11      1%          7
 Ice Form                 Ice/Tmut       45%        N/A       2%          4
 Lesser Beckoning         Tloc           24%        N/A       3%          3
 Spider Form              Tmut/Pois      18%        N/A       4%          3
 Conjure Ball Lightning   Conj/Air       26%        3x3d7     5%          6
 Passage of Golubria      Tloc           24%        N/A       10%         4
 Statue Form              Tmut/Erth      48%        N/A       13%         6
 Lehudib's Crystal Spear  Conj/Erth      47%        10d11     13%         8
 Anguish                  Hex/Necr       7%         N/A       19%         4
 Manifold Assault         Tloc           24%        N/A       26%         5
 Summon Forest            Summ/Tloc      12%        N/A       26%         5
 Silence                  Hex/Air        7%         N/A       45%         5
 Eringya's Noxious Bog    Tmut/Pois      9%         N/A       47%         6
 Shatter                  Erth           48%        3d37*     77%         9
 Enfeeble                 Hex            7%         N/A       100%        7
 Summon Hydra             Summ           12%        N/A       100%        7
 Animate Armour           Summ/Erth      Unusable   N/A       N/A         4

Dungeon Overview and Level Annotations

Branches:
Dungeon (15/15)            Temple (1/1) D:4            Lair (5/5) D:10
 Shoals (0/4) Lair:2        Snake (0/4) Lair:2        Slime (0/5) Lair:4
    Orc (2/2) D:9             Elf (0/3) Orc:2        Vaults (0/5) D:13
 Depths (0/4) D:15          Sewer (visited)           IceCv (visited)

Altars:
Ashenzari
Cheibriados
Dithmenos
Elyvilon
Fedhas
Gozag
Hepliaklqana
Kikubaaqudgha
Makhleb
Nemelex Xobeh
Okawaru
Qazlal
Ru
Sif Muna
Trog
Uskayaw
Vehumet
Wu Jian
Xom
Yredelemnul
Zin
The Shining One

Shops:
D:3 *(   D:6 !   D:10 *   D:11 !   Orc:1 =   Orc:2 [([([

Annotations:
D:10 1 runed translucent door, HawkII's ghost, journeyman HuCj
D:15 Agnes
Lair:4 exclusion: 2 oklob plants


Innate Abilities, Weirdness & Mutations

You can breathe waves of freezing cold which knock back foes.
Your icy white scales are hard. (AC +9)
You cannot fit into any form of body armour.
Your flesh is cold resistant. (rC+)
You are cold-blooded and may be slowed by cold attacks.


Message History

Your butterfly dies!
Your butterfly disappears in a burst of colours!
Agnes closely misses your butterfly.
Agnes says, "The ORB is mine by right."
Agnes hits your butterfly with a +3 vampiric lajatang.
Your butterfly dies!
Your butterfly disappears in a burst of colours!
You feel yourself speed up.
Agnes hits your butterfly with a +3 vampiric lajatang!
Your butterfly dies!
Your butterfly disappears in a burst of colours!
Agnes says, "You will find the Path of Peace easy to follow, in death."
Agnes hits your butterfly with a +3 vampiric lajatang!
Your butterfly dies!
Your butterfly disappears in a burst of colours!
Things that are here:
a +0 buckler; a +0 buckler Agnes says, "You dishonour your ancestors."
Agnes hits your butterfly with a +3 vampiric lajatang!!
Your butterfly dies!
Your butterfly disappears in a burst of colours!
Agnes hits your butterfly with a +3 vampiric lajatang!!
Your butterfly dies!
Your butterfly disappears in a burst of colours!
A centaur warrior zombie and a boggart skeleton come into view.
A centaur warrior skeleton comes into view.
The centaur warrior zombie closely misses you.
The centaur warrior zombie kicks you but does no damage.
You have got your breath back.
The boggart skeleton hits your butterfly.
Your butterfly dies!
Your butterfly disappears in a burst of colours!
Agnes shouts, "I will kick you around like a rattan ball!"
Agnes hits you with a +3 vampiric lajatang.
* * * LOW HITPOINT WARNING * * *
Agnes draws strength from your wounds!
As you read the scroll of butterflies, it crumbles to dust.
You hear the tinkle of a tiny bell.
Agnes hits you with a +3 vampiric lajatang!!
You die...

............######...............
................<................
....................รท..##.......b
,...........................##...
**#........#.......b.#.......[...
#.........##.#.Z...........b.b.
#.........##.#Zbb..######......
#....<....##.#Zib..#...........
#.......<.##.#@bb..#....#..###.
##...####)...#bb...#..........^
#..## #....bbbbb......####...
###..#####...##.....#...........
#....................########...
#...............###...# ##..
#..............##.##..# #..
#............#.#._.#.## #!.
#.....########.......# ###


You could see Agnes (ally target), a centaur warrior zombie (ally target), a
boggart skeleton (ally target) and a centaur warrior skeleton (ally target).

Vanquished Creatures
  Jorgrun (D:14)
  Roxanne (D:14)
  An orc warlord (Orc:2)
  Azrael (Orc:2)
  Snorg (Lair:5)
  A fire dragon (Lair:5)
  Josephine (D:14)
  An ice dragon (Lair:5)
  7 boulder beetles
  5 centaur warriors
  A catoblepas (Lair:2)
  6 hydras
  5 vault guards
  Erica (D:10)
  7 death yaks
  3 two-headed ogres
  A tengu warrior (D:13)
  3 orc high priests (Orc:2)
  Urug (Orc:2)
  A swamp dragon (Lair:5)
  2 lindwurms (Lair:5)
  2 orc knights (Orc:2)
  A deep elf pyromancer (D:13)
  2 manticores
  A deep elf zephyrmancer (D:15)
  4 orc sorcerers (Orc:2)
  2 cyclopes
  8 ugly things
  3 elephants (Lair:1)
  2 merfolk sirens (Lair:2)
  2 storm dragon simulacra (IceCv)
  A naga mage (D:15)
  5 torpor snails (Lair:5)
  A gargoyle (D:11)
  9 black mambas
  11 cane toads
  6 rime drakes
  11 komodo dragons
  A golden dragon simulacrum (IceCv)
  A freezing wraith (D:14)
  4 tengu conjurers
  3 meliai (D:14)
  3 tyrant leeches (Lair:5)
  A queen bee (shapeshifter) (D:14)
  4 polar bears
  Prince Ribbit (Lair:2)
  5 trolls
  7 hornets (Lair:5)
  18 blink frogs
  Sigmund (D:6)
  5 wyverns
  8 wraiths
  40 yaks
  4 shadows
  5 basilisks
  5 fire elementals
  A vampire (D:10)
  12 humans
  3 vampire mosquitoes
  3 steam dragons
  3 wargs
  4 acid dragons
  23 water moccasins
  A hell hound (Orc:2)
  34 orc warriors
  3 sky beasts
  A swamp drake (Lair:5)
  An ice beast (D:6)
  An ice dragon simulacrum (IceCv)
  12 wolves
  3 ogres
  8 centaurs
  5 kobold brigands
  11 bullfrogs
  2 gnoll sergeants
  A necrophage (D:4)
  3 scorpions
  7 wights
  6 killer bees (D:5)
  7 howler monkeys
  An electric eel (D:7)
  A hound (D:5)
  2 jellies (D:4)
  17 orc priests
  Crazy Yiuf (D:4)
  6 iguanas
  22 orc wizards
  11 gnolls
  9 adders
  5 river rats (Sewer)
  A shadow imp (D:6)
  2 white imps
  An ufetubus (D:6)
  4 worms
  3 dart slugs
  95 orcs
  6 bats
  6 endoplasms
  7 giant cockroaches
  8 goblins
  6 hobgoblins
  4 jackals (D:2)
  31 kobolds
  3 quokkas
  12 ball pythons
  3 frilled lizards
  10 rats
670 creatures vanquished.

Vanquished Creatures (others)
  An ugly thing (D:13)
  A wraith (D:14)
  65 fungi
  134 plants
201 creatures vanquished.

Grand Total: 871 creatures vanquished

Notes
Turn   | Place    | Note
-------+----------+-------------------------------------------
     0 | D:1      | raph the Draconian Earth Elementalist began the quest for
                  | the Orb.
     0 | D:1      | Reached XP level 1. HP: 14/14 MP: 3/3
    25 | D:1      | Reached XP level 2. HP: 20/20 MP: 1/5
   350 | D:1      | Learned a level 2 spell: Passwall
   589 | D:1      | Reached XP level 3. HP: 26/26 MP: 4/6
   593 | D:1      | Learned a level 3 spell: Stone Arrow
  1364 | D:2      | Reached XP level 4. HP: 33/33 MP: 3/7
  1501 | D:2      | Found a faded altar of an unknown god.
  1544 | D:2      | Reached skill level 5 in Earth Magic
  2248 | D:3      | Found Leadyoh's Weapon Emporium.
  2683 | D:3      | Noticed a scorpion
  2703 | D:3      | Killed a scorpion
  2704 | D:3      | Reached XP level 5. HP: 26/38 MP: 5/8
  2825 | D:3      | Found Zecvuiri's General Store.
  2833 | D:3      | Bought a potion of curing for 42 gold pieces
  2833 | D:3      | Bought a potion of might for 56 gold pieces
  3134 | D:4      | Found a staircase to the Ecumenical Temple.
  3139 | Temple   | Entered the Ecumenical Temple
  3350 | Temple   | Became a worshipper of Vehumet
  3507 | D:4      | Noticed a water moccasin
  3513 | D:4      | Killed a water moccasin
  3514 | D:4      | Reached skill level 1 in Conjurations
  3514 | D:4      | Reached XP level 6. HP: 23/45 MP: 1/9
  3967 | D:4      | Learned a level 2 spell: Blink
  4463 | D:4      | Found a runed translucent door.
  4464 | D:4      | Noticed Crazy Yiuf
  4470 | D:4      | Killed Crazy Yiuf
  4471 | D:4      | Your scales start taking on an icy white colour.
  4471 | D:4      | Reached XP level 7. HP: 40/50 MP: 3/11
  4471 | D:4      | Gained mutation: Your flesh is cold resistant. (rC+) [White
                  | Draconian growth]
  4600 | D:5      | Entered Level 5 of the Dungeon
  4669 | D:5      | Reached * piety under Vehumet
  4669 | D:5      | Offered knowledge of Freeze by Vehumet.
  4906 | D:5      | Learned a level 1 spell: Freeze
  4925 | D:5      | Found an iron altar of Okawaru.
  5161 | D:5      | Reached skill level 1 in Ice Magic
  5505 | D:5      | Found an ancient bone altar of Kikubaaqudgha.
  5779 | D:5      | Reached XP level 8. HP: 57/57 MP: 8/13
  6150 | D:6      | Found a glowing drain.
  6158 | Sewer    | Entered a sewer
  6676 | Sewer    | Offered knowledge of Foxfire by Vehumet.
  6704 | Sewer    | Reached ** piety under Vehumet
  7335 | D:6      | Noticed an angel
  7336 | D:6      | Found a glowing silver altar of Zin.
  7580 | D:6      | Noticed Sigmund
  7585 | D:6      | Killed Sigmund
  7964 | D:6      | Found Diextudo's Distillery.
  7969 | D:6      | Bought a potion of heal wounds for 55 gold pieces
  8063 | D:6      | Learned a level 4 spell: Petrify
  8108 | D:7      | Reached XP level 9. HP: 62/62 MP: 10/16
  8198 | D:7      | Reached skill level 5 in Spellcasting
  8198 | D:7      | Reached skill level 5 in Conjurations
  8554 | D:7      | Learned a level 5 spell: Summon Forest
  9201 | D:7      | Reached skill level 1 in Summonings
  9201 | D:7      | Reached skill level 1 in Translocations
  9201 | D:7      | Reached skill level 5 in Ice Magic
  9815 | D:8      | Offered knowledge of Frozen Ramparts by Vehumet.
  9823 | D:8      | Learned a level 3 spell: Frozen Ramparts
  9849 | D:8      | Noticed a two-headed ogre
  9855 | D:8      | Killed a two-headed ogre
 10053 | D:8      | Identified a scroll of acquirement
 10053 | D:8      | Acquired a staff of earth
 10077 | D:8      | Reached *** piety under Vehumet
 10429 | D:8      | Reached XP level 10. HP: 69/69 MP: 14/18
 10599 | D:9      | Reached skill level 10 in Earth Magic
 10707 | D:9      | Offered knowledge of Dazzling Flash by Vehumet.
 10837 | D:8      | Learned a level 3 spell: Dazzling Flash
 10846 | D:9      | Found a staircase to the Orcish Mines.
 12193 | D:9      | Reached skill level 1 in Fighting
 12204 | D:9      | Reached **** piety under Vehumet
 13193 | D:10     | Entered Level 10 of the Dungeon
 13406 | Orc:1    | Entered Level 1 of the Orcish Mines
 13695 | D:10     | Offered knowledge of Lightning Bolt by Vehumet.
 14680 | D:10     | Found a staircase to the Lair.
 14719 | D:10     | Found a runed translucent door.
 14720 | D:10     | Found a shimmering altar of Xom.
 14720 | D:10     | Noticed HawkII's ghost (journeyman HuCj)
 14721 | D:10     | Noticed a +1 hand axe of chaos
 14725 | D:10     | Noticed Erica
 14740 | D:10     | Killed Erica
 14741 | D:10     | Reached XP level 11. HP: 82/82 MP: 11/21
 14838 | D:10     | Found an opulent altar of Gozag.
 14934 | D:10     | Found Gozag's Platinum Reserve.
 14942 | D:10     | Learned a level 5 spell: Lightning Bolt
 15034 | D:11     | Found Nigitecka's Distillery.
 15042 | D:11     | Bought a potion of magic for 120 gold pieces
 15057 | D:11     | Noticed a boulder beetle
 15339 | Lair:1   | Entered Level 1 of the Lair of Beasts
 16865 | Lair:1   | Noticed a seven-headed hydra
 16872 | Lair:1   | Killed a seven-headed hydra
 16873 | Lair:1   | Reached skill level 1 in Staves
 16873 | Lair:1   | Reached skill level 1 in Evocations
 17723 | D:3      | Bought an amulet of regeneration for 420 gold pieces
 17958 | Lair:2   | Noticed a boulder beetle
 17976 | Lair:2   | Killed a boulder beetle
 17994 | Lair:2   | Noticed a catoblepas
 18154 | Lair:2   | Reached skill level 10 in Conjurations
 18156 | Lair:2   | Reached skill level 5 in Fighting
 18366 | Lair:2   | Learned a level 4 spell: Hailstorm
 18373 | Lair:2   | Reached XP level 12. HP: 94/94 MP: 17/23
 18627 | Lair:2   | Found a staircase to the Snake Pit.
 18707 | Lair:2   | Noticed Prince Ribbit
 18715 | Lair:2   | Killed Prince Ribbit
 18762 | Lair:2   | Reached ***** piety under Vehumet
 18825 | Lair:2   | Offered knowledge of Iron Shot by Vehumet.
 19005 | Lair:2   | Reached skill level 5 in Dodging
 19315 | Lair:2   | Identified the +7 long sword "Wiesm" {flame, rElec rN++
                  | Dex-4 SInv}
 19344 | Lair:2   | Found a snail-covered altar of Cheibriados.
 19482 | Lair:2   | Killed a catoblepas
 19724 | Lair:2   | Learned a level 6 spell: Iron Shot
 19737 | Lair:2   | Identified the +0 pair of gloves of Bellicose the Leaf {rN+
                  | Str+4 Int-2}
 19865 | Lair:2   | You fall into a shaft and drop 2 floors!
 20181 | Lair:3   | Noticed a death yak
 20185 | Lair:3   | Noticed a death yak
 20193 | Lair:2   | Killed a death yak
 20390 | Lair:2   | Found a staircase to the Shoals.
 21068 | Lair:3   | Noticed a death yak
 21100 | Lair:3   | Killed a death yak
 21122 | Lair:3   | Killed a death yak
 21131 | Lair:3   | Reached XP level 13. HP: 49/102 MP: 3/25
 23093 | Lair:4   | Found a staircase to the Slime Pits.
 23311 | Lair:4   | Offered knowledge of Starburst by Vehumet.
 23605 | Lair:5   | Entered Level 5 of the Lair of Beasts
 25445 | Lair:5   | Noticed Snorg
 25449 | Lair:5   | Killed Snorg
 25450 | Lair:5   | Reached skill level 5 in Staves
 25450 | Lair:5   | Reached skill level 5 in Evocations
 26148 | Lair:5   | Noticed a fire dragon
 26152 | Lair:5   | Killed a fire dragon
 26633 | Lair:5   | Found a runed translucent door.
 26715 | Lair:5   | Reached XP level 14. HP: 107/113 MP: 6/27
 26757 | Lair:5   | Paralysed by a hornet for 1 turns
 27387 | Lair:5   | Learned a level 5 spell: Iskenderun's Battlesphere
 27838 | Orc:1    | Found Ummihy's Jewellery Boutique.
 28416 | Orc:2    | Entered Level 2 of the Orcish Mines
 28422 | Orc:2    | Reached skill level 10 in Spellcasting
 28563 | Orc:2    | Noticed Urug
 29047 | Orc:2    | Offered knowledge of Freezing Cloud by Vehumet.
 29074 | Orc:2    | Found Logif's Antique Weapon Emporium.
 29970 | Orc:2    | Killed Urug
 30468 | Orc:2    | Noticed Azrael
 30472 | Orc:2    | Killed Azrael
 30716 | Orc:2    | Found Sacwufo's Armour Shoppe.
 30723 | Orc:2    | Found a staircase to the Elven Halls.
 31022 | Orc:2    | Noticed an orc warlord
 31245 | Orc:2    | Killed an orc warlord
 32286 | Orc:2    | Found Evvas's Antique Armour Boutique.
 32290 | Orc:2    | Found Yntesal's Antique Weapon Shop.
 32303 | Orc:2    | Bought a pair of glowing boots for 240 gold pieces
 32399 | Orc:2    | Found Nepewi's Antique Armour Shoppe.
 32404 | Orc:2    | Bought a pair of embroidered gloves for 247 gold pieces
 33482 | D:11     | Offered knowledge of Ozocubu's Refrigeration by Vehumet.
 35015 | D:12     | Found a blossoming altar of Fedhas.
 35017 | D:12     | Found a hide-covered altar of Uskayaw.
 35017 | D:12     | Found a blossoming altar of Fedhas.
 35019 | D:12     | Found a shimmering altar of Xom.
 35019 | D:12     | Found a basalt altar of Yredelemnul.
 35019 | D:12     | Found a shimmering altar of Xom.
 35865 | D:12     | Reached XP level 15. HP: 52/123 MP: 17/29
 35873 | D:12     | Learned a level 7 spell: Ozocubu's Refrigeration
 36063 | D:13     | Found a blossoming altar of Fedhas.
 36874 | D:13     | Found a gate to the Vaults.
 37305 | D:14     | Identified Roxanne's Parchment of Terrain
 37305 | D:14     | Noticed Roxanne
 37686 | D:14     | Reached skill level 1 in Shields
 37999 | D:14     | Noticed Josephine
 38002 | D:14     | Killed Josephine
 38224 | D:14     | Noticed Jorgrun
 38232 | D:14     | Killed Jorgrun
 38653 | D:14     | Killed Roxanne
 38801 | D:15     | Entered Level 15 of the Dungeon
 39089 | D:15     | Found a shadowy altar of Dithmenos.
 39547 | D:15     | Found a frozen archway.
 39552 | IceCv    | Entered an ice cave
 39849 | D:15     | Noticed Agnes
 39859 | D:15     | HP: 1/123 [Agnes/+3 vampiric lajatang (30)]
 39890 | D:15     | Slain by Agnes

Illustrated notes

Levels and vault maps discovered:
D:1:      dpeg_arrival_tiny_b, layout_basic, serial_forest,
          infiniplex_forest_corner_2, infiniplex_forest_zigzag_2,
          infiniplex_forest_end_1, infiniplex_forest_lined_2,
          minmay_fountain_box, minmay_split_cup_small
D:2:      layout_loops_ring, shapermc_ecumenical_altar_totnotflames,
          minmay_misc_feat_tower
D:3:      layout_rooms, serial_shops, nicolae_shop_statue_plus,
          nicolae_shop_statue_plus
D:4:      nicolae_cairo_tiling_large, layout_rooms, temple_doors_e, st_stairs_2,
          uniq_crazy_yiuf_cottage
D:5:      layout_basic, lemuel_doored_altar, okawaru_trees_2
D:6:      layout_basic, zin_angel, gup_sewer_entry_bubbles, serial_shops, shop,
          minmay_misc_feat_rows, uniq_sigmund
D:7:      layout_loops_corners, serial_bayou_lagoon_a, minmay_misc_feat_five
D:8:      layout_cave_pools
D:9:      layout_basic, david_orc_3, minmay_ruffians
D:10:     layout_cave_pools, nicolae_gozag_zags_fifth_avenue, dpeg_oklobed_lair,
          ebering_ghost_xom, nrook_mini_vaults, chequers_serial_rivers_micro_c,
          hangedman_decor_push, uniq_erica
D:11:     layout_basic, serial_shops, nicolae_shop_statue_plus
D:12:     layout_loops_corners, doesnt_xom_only_xom
D:13:     layout_rooms, ximxim_vaults_locker_room, minmay_misc_feat_nine_boxes,
          fedhas_bush_and_centaur_altar
D:14:     layout_roguey, gauntlet_entry_generic, chequers_garden,
          uniq_josephine, uniq_jorgrun, uniq_roxanne
D:15:     grunt_enter_depths_magical_seal, layout_rooms,
          portal_ice_cave_entry_pillars_three,
          nicolae_dithmenos_through_a_glass_darkly, kennysheep_orc_sif_temple,
          uniq_agnes
Temple:   mainiacjoe_temple_bowtie_tessellation
Lair:1:   layout_loops_ring
Lair:2:   layout_chaotic_city, elwin_shoals_entry_rooms,
          minmay_snake_entry_six_corridors, basic_altar, uniq_prince_ribbit2
Lair:3:   layout_loops_ring, serial_bayou_shore_b
Lair:4:   layout_regular_city, minmay_slime_entry_oklob_open,
          serial_bayou_shore_a
Lair:5:   guppyfry_lair_end_dragon, layout_regular_city, wormcave, uniq_snorg
Orc:1:    nicolae_orc_accident_1, layout_caves, serial_shops, shop
Orc:2:    grunt_orc_community_town_hall, layout_diamond_mine,
          grunt_orc_community_big_house_2, grunt_orc_community_big_house_2,
          grunt_orc_community_house_3, grunt_orc_community_house_1,
          grunt_orc_community_house_3, grunt_orc_community_house_1,
          serial_shops, shop, abandoned_shop, bh_open_orc_temple, uniq_urug,
          uniq_azrael

Skill      XL: |  1  2  3  4  5  6  7  8  9 10 11 12 13 14 15 |
---------------+----------------------------------------------+-----
Earth Magic    | 4 6 7 8 9 10 11 12 13 | 13.9
Conjurations   | 1 2 3 4 6 8 10 11 12 13 | 13.4
Spellcasting   | 3 4 5 6 7 8 9 10 11 | 11.2
Ice Magic      | 1 4 5 7 8 9 |  9.6
Summonings     | 1 |  1.6
Translocations | 1 |  1.5
Dodging        | 3 4 5 6 7 |  7.7
Fighting       | 3 5 6 7 8 |  8.9
Staves         | 1 3 5 6 |  6.9
Evocations     | 2 3 5 6 |  6.8
Shields        | 2 |  2.5
Stealth        | |  1.7
Transmutations | |  1.0

Action                   |  1- 3 |  4- 6 |  7- 9 | 10-12 | 13-15 || total
-------------------------+-------+-------+-------+-------+-------++-------
Melee: Unarmed           |     6 |       |       |       |       ||     6
       Rapier            |       |     4 |    31 |       |       ||    35
       Tailslap          |       |     1 |     5 |    21 |    46 ||    73
       Punch             |       |     1 |       |       |     6 ||     7
       Staff             |       |       |       |    99 |   178 ||   277
Throw: Dart              |       |       |       |    11 |       ||    11
 Cast: Sandblast         |    45 |    54 |    46 |    26 |    14 ||   185
       Stone Arrow       |     1 |    20 |    97 |   182 |   107 ||   407
       Freeze            |       |       |    37 |    14 |       ||    51
       Frozen Ramparts   |       |       |     4 |    35 |    21 ||    60
       Passwall          |       |       |     1 |       |       ||     1
       Dazzling Flash    |       |       |       |     2 |     1 ||     3
       Petrify           |       |       |       |     2 |       ||     2
       Lightning Bolt    |       |       |       |    30 |    59 ||    89
       Iron Shot         |       |       |       |    13 |   266 ||   279
       Hailstorm         |       |       |       |     4 |     5 ||     9
       Iskenderun's Batt |       |       |       |       |    14 ||    14
       Ozocubu's Refrige |       |       |       |       |    13 ||    13
 Abil: Breathe Frost     |       |       |    15 |    30 |    20 ||    65
Evoke: Wand              |       |       |     1 |     8 |     6 ||    15
  Use: Scroll            |       |    14 |     7 |    10 |    14 ||    45
       Potion            |       |     1 |     1 |     2 |     4 ||     8
 Stab: Sleeping          |       |       |     3 |       |       ||     3
       Invisible         |       |       |       |     1 |       ||     1
       Distracted        |       |       |       |       |     1 ||     1
Armor: Skin              |     8 |    13 |    57 |   110 |   173 ||   361
Dodge: Dodged            |    15 |    42 |    78 |   169 |   242 ||   546
Block: Buckler           |       |       |       |       |    15 ||    15
